 Dungeon Crawl Stone Soup version 0.16-a0-3926-g4728e1c (webtiles) character file.

5604 plathrop the Carver (level 10, -4/81 HPs)
             Began as a Minotaur Gladiator on Feb 5, 2015.
             Was an Elder of Okawaru.
             Slain by a yak (6 damage)
             ... on level 9 of the Dungeon.
             The game lasted 00:31:25 (9825 turns).

plathrop the Carver (Minotaur Gladiator)            Turns: 9825, Time: 00:31:25

Health: -4/81      AC: 14    Str: 20    XL:     10   Next: 45%
Magic:  16/16      EV: 16    Int:  5    God:    Okawaru [****..]
Gold:   277        SH:  0    Dex: 19    Spells: 0 memorised, 9 levels left

rFire  . . .     SeeInvis +     C - +3 scimitar
rCold  + . .     Clarity  +     r - +0 chain mail
rNeg   + . .     SustAb   .     (no shield)
rPois  .         Gourm    .     c - +1 hat
rElec  .         Spirit   .     x - +0 cloak
rCorr  .         Warding  .     (no gloves)
rMut   .         Stasis   .     n - +0 pair of boots {Stlth+}
MR     +....                    y - amulet "Axzurr" {Clar rN+ SInv Stlth+}
Stlth  ++........               A - ring of protection from magic
                                h - ring of protection from cold

@: agile, lethally poisoned (-4 -> -4), somewhat resistant to hostile
enchantments, unstealthy
A: retaliatory headbutt, horns 2
a: Heroism, Renounce Religion


You were on level 9 of the Dungeon.
You worshipped Okawaru.
Okawaru was greatly pleased with you.
You were not hungry.

You visited 2 branches of the dungeon, and saw 10 of its levels.

You collected 277 gold pieces.

Inventory:

Hand weapons
 C - a +3 scimitar (weapon)
Missiles
 d - 5 throwing nets (quivered)
Armour
 c - a +1 hat (worn)
 n - a +0 pair of boots of stealth (worn)
 r - a +0 chain mail (worn)
 x - a +0 cloak (worn)
Jewellery
 h - a ring of protection from cold (left hand)
 y - the amulet "Axzurr" (around neck) {Clar rN+ SInv Stlth+}
   (You found it on level 6 of the Dungeon)

   [amulet of clarity]

   It provides mental clarity.
   It protects you from negative energy.
   It enhances your eyesight.
   It makes you more stealthy.
 A - a ring of protection from magic (right hand)
Magical devices
 g - a wand of magic darts (40)
Scrolls
 b - 3 scrolls of teleportation
 l - 5 scrolls of remove curse
 o - a scroll of recharging
 p - 3 scrolls of amnesia
Potions
 e - 2 potions of curing
 i - 2 potions of cancellation
 j - a potion of invisibility
 m - a potion of brilliance {unknown}
 u - a potion of might {unknown}
 v - a potion of resistance {unknown}
 w - 3 potions of ambrosia {unknown}
 z - 2 potions of lignification {unknown}
Comestibles
 a - 4 chunks of flesh
 f - 6 bread rations
 k - 6 beef jerkies
 s - 3 meat rations


   Skills:
 - Level 5.0 Fighting
 + Level 13.5 Long Blades
 - Level 2.0 Throwing
 + Level 7.4 Armour
 - Level 5.1 Dodging
 - Level 7.0 Invocations


You had 9 spell levels left.
You didn't know any spells.

Dungeon Overview and Level Annotations

Branches:
Dungeon (9/15)             Temple (1/1) D:4
   Lair: D:8-11         Orc: D:9-12

Altars:
Ashenzari
Cheibriados
Dithmenos
Elyvilon
Fedhas
Gozag
Kikubaaqudgha
Makhleb
Nemelex Xobeh
Okawaru
Qazlal
Ru
Sif Muna
Trog
Xom
Yredelemnul
Zin
The Shining One


Innate Abilities, Weirdness & Mutations

You reflexively headbutt those who attack you in melee.
You have a pair of horns on your head.


Message History

The yak gores you but does no damage. The yak gores you.
You hit the yak.
The yak is heavily wounded.
The yak gores you. x2
You hit the yak but do no damage.
The yak is heavily wounded.
The yak gores you but does no damage. The yak gores you.
You hit the yak.
The yak is severely wounded.
You feel sick. The yak gores you.
The ogre hits you with a giant spiked club!
* * * LOW HITPOINT WARNING * * *
The yak gores you!
* * * LOW HITPOINT WARNING * * *
The yak gores you.
* * * LOW HITPOINT WARNING * * *
Drink which item? (? for menu, Esc to quit)
You feel agile all of a sudden. The yak gores you.
You die...

##### ##.... ## ###
...... ###. ..# #......
....#######.####...###
#>..(.. ............
####.O.†####.####...###
#....Y@)...............
.......YY...##.##########
.#...##....#...##...#...
#.........#...##...#...
##........#...##...#...
........##.#.........
...........#.#......(
.....(..............
...#....#..........


You could see 3 yaks and an ogre.

Vanquished Creatures
  The ghost of plathrop the Carver, an experienced MiGl of Ru (D:7)
  A troll (D:9)
  2 sky beasts
  3 phantoms
  An orc warrior (D:9)
  5 ice beasts
  7 ogres
  3 centaurs
  Sigmund (D:4)
  A big kobold (D:9)
  A water moccasin zombie (D:9)
  7 giant frogs
  A water moccasin skeleton (D:8)
  4 scorpions
  6 killer bees (D:9)
  8 wights
  2 goliath beetles
  2 centaur zombies
  4 crimson imps
  A jelly (D:9)
  A gnoll shaman (D:7)
  A giant frog skeleton (D:5)
  Crazy Yiuf (D:4)
  5 orc priests
  4 hounds
  A centaur skeleton (D:5)
  5 orc wizards
  4 worker ants
  An iguana (D:6)
  A hound skeleton (D:6)
  A worker ant zombie (D:8)
  10 gnolls
  15 adders
  A shadow imp (D:8)
  A giant mite (D:3)
  3 worms
  An adder skeleton (D:7)
  4 giant geckos
  An ooze (D:1)
  31 orcs
  A bat skeleton (D:4)
  A bat zombie (D:5)
  13 goblins
  13 hobgoblins
  6 jackals
  18 kobolds
  4 quokkas
  3 ball pythons
  16 bats
  5 giant cockroaches
  3 giant newts
  A giant spore (D:9)
  68 rats
  A fungus (D:4)
306 creatures vanquished.

Notes
Turn   | Place    | Note
--------------------------------------------------------------
     0 | D:1      | plathrop, the Minotaur Gladiator, began the quest for the Orb.
     0 | D:1      | Reached XP level 1. HP: 18/18 MP: 1/1
    24 | D:1      | Reached skill level 4 in Long Blades
    52 | D:1      | Reached XP level 2. HP: 19/25 MP: 1/1
   269 | D:1      | Reached skill level 5 in Long Blades
   344 | D:1      | Reached XP level 3. HP: 21/30 MP: 2/2
  1115 | D:2      | Reached XP level 4. HP: 38/38 MP: 2/2
  1622 | D:3      | Reached skill level 6 in Long Blades
  1765 | D:3      | Reached XP level 5. HP: 46/46 MP: 2/2
  2512 | D:3      | Reached skill level 5 in Fighting
  2687 | D:4      | Noticed an ogre
  2695 | D:4      | Killed an ogre
  2695 | D:4      | Reached skill level 7 in Long Blades
  2695 | D:4      | Reached skill level 1 in Armour
  2695 | D:4      | Reached XP level 6. HP: 56/56 MP: 3/3
  2730 | D:4      | Found a shadowy altar of Dithmenos.
  3190 | D:4      | Found a staircase to the Ecumenical Temple.
  3202 | D:4      | Reached XP level 7. HP: 52/61 MP: 3/3
  3213 | Temple   | Entered the Ecumenical Temple
  3217 | Temple   | Became a worshipper of Warmaster Okawaru
  3295 | D:4      | Noticed a phantom
  3332 | D:4      | Killed a phantom
  3332 | D:4      | Reached skill level 8 in Long Blades
  3342 | D:4      | Noticed an ogre
  3350 | D:4      | Killed an ogre
  3546 | D:4      | Noticed Sigmund
  3564 | D:4      | Killed Sigmund
  3564 | D:4      | Reached skill level 5 in Armour
  4013 | D:4      | Acquired Okawaru's first power
  4013 | D:4      | Reached skill level 9 in Long Blades
  4198 | D:4      | Noticed Crazy Yiuf
  4203 | D:4      | Killed Crazy Yiuf
  4376 | D:5      | Entered Level 5 of the Dungeon
  4414 | D:5      | Reached XP level 8. HP: 28/68 MP: 3/3
  4821 | D:5      | Reached skill level 5 in Dodging
  4921 | D:5      | Reached skill level 1 in Invocations
  5067 | D:5      | Reached skill level 10 in Long Blades
  5576 | D:6      | Got a bound copper amulet
  5857 | D:6      | Reached XP level 9. HP: 74/74 MP: 10/10
  6173 | D:6      | Reached skill level 11 in Long Blades
  6473 | D:6      | Identified the amulet "Axzurr" {Clar rN+ SInv Stlth+} (You found it on level 6 of the Dungeon)
  6498 | D:6      | Reached skill level 5 in Invocations
  7109 | D:7      | Noticed plathrop's ghost (experienced MiGl)
  7144 | D:7      | Killed plathrop's ghost
  7144 | D:7      | Reached skill level 12 in Long Blades
  7462 | D:7      | Found a burning altar of Makhleb.
  7496 | D:7      | Got a pair of faintly glowing gloves
  7502 | D:7      | Identified the +1 pair of gloves of a bailey {rN+ Int+3 Dex-2} (You found it on level 7 of the Dungeon)
  8411 | D:8      | Found a shattered altar of Ashenzari.
  8504 | D:8      | Reached XP level 10. HP: 77/81 MP: 16/16
  9025 | D:8      | Reached skill level 13 in Long Blades
  9487 | D:9      | Found a sacrificial altar of Ru.
  9717 | D:9      | Found a glowing silver altar of Zin.
  9718 | D:9      | Found an opulent altar of Gozag.
  9824 | D:9      | HP: 2/81 [yak (3)]
  9825 | D:9      | Slain by a yak

Action                   |  1- 3 |  4- 6 |  7- 9 | 10-12 || total
-------------------------+-------+-------+-------+-------++-------
Melee: Long sword        |    67 |   243 |   226 |       ||   536
       Scimitar          |       |       |   200 |   165 ||   365
Invok: Heroism           |       |       |     1 |     1 ||     2
Evoke: Wand              |       |       |       |     1 ||     1
  Use: Scroll            |     1 |     6 |     7 |     1 ||    15
       Potion            |       |       |       |     1 ||     1
  Eat: Chunk             |     1 |     7 |    11 |     3 ||    22
       Pizza             |       |       |     2 |     1 ||     3
       Beef jerky        |       |       |     2 |       ||     2
